AoeStats
← GenghisKhan7734

Arena

508515586Analyzed
1v1 RM · 8d ago on Sep 22, 2026· 60m 36s· 2 players
Game mode
Random Map
Map size
Tiny (2 player)
Population
200
Speed
Normal
Resources
Standard
Victory
Conquest
Starting age
Dark Age
Ending age
Imperial Age
RankedLock teamsTeams togetherTeam positionsShared explorationLock speedFull tech treeHidden civsTurbo modeCheats
Victory
Defeat
🇧🇷 Portuguese · Brazil
609
+14
🇰🇿 Japanese · Kazakhstan
562
-14
deadbot
9:56 Loom
12:44 Feudal Age
20:01 Castle Age
19:13 Town Watch
20:07 Double-Bit Axe
23:21 Town Patrol
23:57 Wheelbarrow
23:16 Horse Collar
27:00 Bow Saw
26:53 Heavy Plow
28:16 Gold Mining
32:52 Imperial Age
30:35 Fletching
30:46 Stone Mining
31:48 Fortified Wall
34:33 Chemistry
35:02 Two-Man Saw
34:35 Crop Rotation
34:00 Fletching
35:04 Conscription
35:47 Siege Engineers
37:11 Bodkin Arrow
40:42 Arquebus
41:51 Bombard Tower
41:53 Ballistics
41:32 Murder Holes
41:18 Treadmill Crane
41:49 Masonry
46:00 Bracer
46:33 Architecture
47:50 Elite Organ Gun
GenghisKhan7734
11:03 Feudal Age
16:26 Castle Age
15:20 Man-at-Arms
17:53 Long Swordsman
19:41 Gambesons
23:26 Forging
24:50 Crossbowman
27:20 Thumb Ring
28:10 Double-Bit Axe
28:06 Horse Collar
28:18 Gold Mining
31:36 Fletching
35:08 Iron Casting
34:30 Bodkin Arrow
40:18 Scale Mail Armor
40:19 Padded Archer Armor
39:51 Elite Skirmisher
40:34 Heavy Plow
40:45 Bow Saw
40:31 Stone Mining
42:09 Chain Mail Armor
42:10 Leather Archer Armor
45:39 Imperial Age
44:07 Ballistics
46:15 Arbalester
46:19 Two-Handed Swordsman
47:39 Kataparuto
57:13 Elite Samurai
Connection lost

Rejoining the realm…

Still unreachable

The connection could not be restored.

Session expired

The server has moved on; the page needs a fresh start.